 Dungeon Crawl Stone Soup version 0.20.1-1-g8b1a95d (webtiles) character file.

556 recordrepeat the Chopper (level 7, -1/60 HPs)
             Began as a Hill Orc Fighter on Jan 15, 2018.
             Slain by an apocalypse crab (4 damage)
             ... on level 2 of the Abyss on Jan 22, 2018.
             The game lasted 00:27:25 (4209 turns).

recordrepeat the Chopper (Hill Orc Fighter)         Turns: 4209, Time: 00:27:25

Health: -1/60      AC: 12    Str: 21    XL:     7   Next: 30%
Magic:  5/7        EV:  2    Int:  8    God:
Gold:   177        SH:  0    Dex: 10    Spells: 6/6 levels left

rFire    . . .     SeeInvis .   a - +1 war axe
rCold    . . .     Gourm    .   c - +0 shield
rNeg     + + +     Faith    .   s - +0 chain mail
rPois    ∞         Spirit   .   (no helmet)
rElec    .         Reflect  +   g - +0 cloak
rCorr    .         Harm     .   o - +0 pair of gloves
MR       .....                  (no boots)
Stlth    ..........             u - +2 amulet of reflection
Regen    0.2/turn               (no ring)
MPRegen  0.1/turn               (no ring)

@: petrified
A: no striking features
a: no special abilities


You were on level 2 of the Abyss.
You were not hungry.

You visited 1 branch of the dungeon, and saw 4 of its levels.
You visited the Abyss 1 time.
You also visited: Sewer.

You collected 177 gold pieces.

Inventory:

Hand Weapons
 a - a +1 war axe (weapon)
Armour
 c - a +0 shield (worn)
 g - a +0 cloak (worn)
 o - a +0 pair of gloves (worn)
 s - a +0 chain mail (worn)
Jewellery
 u - a +2 amulet of reflection (around neck)
 y - an uncursed amulet of guardian spirit
Wands
 r - a wand of disintegration (13/24)
Scrolls
 d - a scroll of identify {unknown}
 e - 2 scrolls of amnesia
 i - a scroll of enchant weapon
 j - 2 scrolls of teleportation
 k - a scroll of magic mapping {unknown}
 t - a scroll of remove curse
Potions
 l - a potion of heal wounds {unknown}
 m - 4 potions of flight
 n - 2 potions of magic {unknown}
 q - a potion of mutation {unknown}
 w - a potion of brilliance {unknown}
 x - a potion of haste {unknown}
Comestibles
 b - a meat ration
 f - 3 bread rations
 p - a royal jelly
 v - 6 chunks of flesh


   Skills:
 + Level 4.7 Fighting
 + Level 6.8 Axes
 + Level 4.8 Armour
 + Level 1.1 Dodging
 + Level 0.1 Stealth
 + Level 5.1 Shields


You had 6 spell levels left.
You didn't know any spells.

Dungeon Overview and Level Annotations

Branches:
Dungeon (4/15)
 Temple: D:4-7

Altars:
Fedhas
Hepliaklqana
Kikubaaqudgha
Sif Muna
Uskayaw
Xom

Shops:
D:4 =


Message History

You feel better.
You are engulfed in seething chaos.
Your limbs have turned to stone.
Something bites you but does no damage. Something claws you.
You feel strangely stable.
You have turned to stone.
You are engulfed in seething chaos.
A blast of chaos appears from out of thin air!
The blast of chaos engulfs you! Something bites you but does no damage.
Something claws you but does no damage. Something bites you but does no damage.
Something claws you but does no damage. Something bites you.
Space warps horribly around you!
* * * LOW HITPOINT WARNING * * *
Something claws you.
* * * LOW HITPOINT WARNING * * *
Something freezes you!
* * * LOW HITPOINT WARNING * * *
Something bites you but does no damage. Something claws you but does no damage.
Something bites you but does no damage. Something claws you!
* * * LOW HITPOINT WARNING * * *
You feel your power leaking away. Something bites you!
You die...

#. .# # #.#
#.
########.###
#
..........#
. ...
.###..{# ...
.....#@# . .
.. . #..###
.. ... ....
...# # . .#
.. . .# # #
#.. .# .. ..
. .# # . .#
.. .#.#


There were no monsters in sight!

Vanquished Creatures
  Edmund (D:3)
  A hound (D:4)
  A centaur skeleton (D:4)
  2 orc wizards (D:4)
  A merfolk siren (Sewer)
  A merfolk avatar (Sewer)
  2 gnolls (D:4)
  9 adders
  2 river rats (Sewer)
  An adder skeleton (D:4)
  9 worms
  2 dart slugs (D:1)
  4 leopard geckos
  3 orcs
  6 ball pythons
  3 giant cockroaches
  7 goblins
  8 hobgoblins
  19 jackals
  6 kobolds
  2 quokkas
  6 bats
  5 frilled lizards
  30 rats
131 creatures vanquished.

Notes
Turn   | Place    | Note
-------+----------+-------------------------------------------
     0 | D:1      | recordrepeat the Hill Orc Fighter began the quest for the Orb.
     0 | D:1      | Reached XP level 1. HP: 19/19 MP: 1/1
   165 | D:1      | Reached XP level 2. HP: 23/27 MP: 2/2
   171 | D:1      | Reached skill level 3 in Axes
   631 | D:1      | Reached XP level 3. HP: 31/33 MP: 3/3
  1075 | D:2      | Found a faded altar of an unknown god.
  1138 | D:2      | Reached XP level 4. HP: 40/40 MP: 4/4
  1501 | D:2      | Reached skill level 4 in Axes
  2026 | D:3      | Found a glowing drain.
  2059 | Sewer    | Entered a sewer
  2176 | Sewer    | Reached XP level 5. HP: 46/46 MP: 5/5
  2706 | Sewer    | Reached skill level 5 in Axes
  2750 | Sewer    | Noticed a malarious merfolk avatar
  3087 | Sewer    | Reached skill level 1 in Dodging
  3091 | Sewer    | Killed a malarious merfolk avatar
  3091 | Sewer    | Reached XP level 6. HP: 30/52 MP: 6/6
  3898 | D:3      | Found a blossoming altar of Fedhas.
  3898 | D:3      | Found a shimmering altar of Xom.
  3903 | D:3      | Found a deep blue altar of Sif Muna.
  3905 | D:3      | Found a hazy altar of Hepliaklqana.
  3907 | D:3      | Found an ancient bone altar of Kikubaaqudgha.
  3943 | D:4      | Noticed Edmund
  3964 | D:3      | Killed Edmund
  3964 | D:3      | Reached skill level 6 in Axes
  3964 | D:3      | Reached skill level 5 in Shields
  3964 | D:3      | Reached XP level 7. HP: 50/60 MP: 7/7
  4051 | D:4      | Found Ibronag's Jewellery Emporium.
  4120 | D:4      | Noticed a hand axe
  4120 | D:4      | Noticed a dagger
  4122 | D:4      | Found a hide-covered altar of Uskayaw.
  4158 | D:4      | Cast into level 2 of the Abyss (gnoll sergeant)
  4196 | Abyss:2  | Noticed an apocalypse crab
  4208 | Abyss:2  | HP: 3/60 [something (4)]
  4209 | Abyss:2  | Slain by an apocalypse crab

Skill      XL: |  1  2  3  4  5  6 |
---------------+-------------------+-----
Axes           | 3 4 5 6 |  6.8
Fighting       | 4 |  4.7
Shields        | 4 5 |  5.1
Armour         | 4 |  4.8
Dodging        | 1 |  1.1
Stealth        | |  0.1

Action                   |  1- 3 |  4- 6 |  7- 9 || total
-------------------------+-------+-------+-------++-------
Melee: War axe           |   103 |   351 |    53 ||   507
  Use: Scroll            |       |     3 |     1 ||     4
       Potion            |       |     3 |     2 ||     5
  Eat: Chunk             |     1 |    10 |     1 ||    12
Armor: Scale mail        |    61 |    19 |       ||    80
       Chain mail        |       |   175 |    48 ||   223
Dodge: Dodged            |    37 |    68 |     8 ||   113
Block: Shield            |    70 |   179 |    46 ||   295
       Reflection        |       |     1 |       ||     1
